 Dungeon Crawl Stone Soup version 0.15.0-27-gbdb0435 (webtiles) character file.

317 Psiweapon the Insei (level 6, -6/52 HPs)
             Began as a Draconian Transmuter on Sept 11, 2014.
             Mangled by Blork the orc
             ... wielding a +0 dire flail
              (7 damage)
             ... on Level 4 of the Dungeon.
             The game lasted 00:12:42 (3880 turns).

Psiweapon the Insei (Draconian Transmuter)          Turns: 3880, Time: 00:12:42

HP  -6/52        AC  6     Str 13      XL: 6   Next: 20%
MP  19/19        EV 18     Int 13      God:
Gold 137         SH  0     Dex 18      Spells:  1 memorised,  8 levels left

rFire  . . .     SeeInvis .       - Unarmed
rCold  . . .     Clarity  .     (armour unavailable)
rNeg   . . .     rCorr    .     (no shield)
rPois  .         rRot     .     (helmet restricted)
rElec  .         Spirit   .     (no cloak)
SustAb +         Warding  .     (no gloves)
rMut   .         Stasis   .     (no boots)
Gourm  .                        (no amulet)
MR     .....                    j - ring of magical power
                                v - ring of sustain abilities

@: agile, about to teleport, appendage (expiring), drained, not resistant to
hostile enchantments, fairly stealthy
A: unfitting armour, horns 2, cold-blooded, AC +6
a: End Transformation


You were on level 4 of the Dungeon.
You were not hungry.
You had grown temporary horns.
You visited 1 branch of the dungeon, and saw 4 of its levels.

You collected 137 gold pieces.

Inventory:

Hand weapons
 x - a +1 dagger of chaos
Missiles
 b - 60 arrows
 p - 14 poisoned needles
 y - 2 bolts
Comestibles
 a - 3 bread rations
 f - a royal jelly
 m - 3 meat rations
Scrolls
 h - 3 scrolls of teleportation
 i - 3 scrolls of identify {unknown}
 k - a scroll of magic mapping {unknown}
 l - 2 scrolls of amnesia {unknown}
 s - a scroll of random uselessness {unknown}
Jewellery
 j - a ring of magical power (right hand)
 u - an uncursed ring of fire
 v - a ring of sustain abilities (left hand)
Potions
 c - a potion of curing
 e - a potion of lignification {unknown}
 g - a potion of invisibility {unknown}
 n - a potion of confusion {unknown}
 o - a potion of mutation {unknown}
 q - a potion of agility
 r - a potion of poison {unknown}
 t - a potion of degeneration {unknown}
 B - a potion of haste {unknown}
Books
 d - a book of Changes

   Spells                             Type                      Level
   *Beastly Appendage                 Transmutation                1
   Sticks to Snakes                   Transmutation                2
   Spider Form                        Transmutation/Poison         3
   Ice Form                           Ice/Transmutation            4
   Blade Hands                        Transmutation                5
 A - a book of Frost

   Spells                             Type                      Level
   Freeze                             Ice                          1
   Throw Frost                        Conjuration/Ice              2
   Ozocubu's Armour                   Charms/Ice                   3
   Throw Icicle                       Conjuration/Ice              4
   Summon Ice Beast                   Ice/Summoning                4
   Condensation Shield                Ice                          4


   Skills:
 + Level 3.9(3.8) Fighting
 - Level 2.0(1.9) Dodging
 + Level 5.8(5.6) Unarmed Combat
 - Level 2.2(2.1) Spellcasting
 - Level 2.0(1.9) Transmutations


You had 8 spell levels left.
You knew the following spells:

 Your Spells              Type           Power        Failure   Level  Hunger
a - Beastly Appendage     Trmt           #.....       14%         1    ##.....


Dungeon Overview and Level Annotations

Branches:
Dungeon (4/15)
 Temple: D:4-7

Altars:
Makhleb
Xom

Annotations:
D:4 Blork the orc


Innate Abilities, Weirdness & Mutations

Your plain brown scales are hard (AC +6).
Your body does not fit into most forms of armour.
Your cold-blooded metabolism reacts poorly to cold.
You have a pair of horns on your head.


Message History

As you read the scroll labeled RARYRO NEYHIT, it crumbles to dust.
You feel strangely unstable.
It was a scroll of teleportation.
Blork the orc barely misses you. The iguana bites you.
* * * LOW HITPOINT WARNING * * *
Drink which item? (? for menu, Esc to quit)
You feel better.
It was a potion of curing.
The kobold unwields an uncursed hand crossbow.
The kobold wields an uncursed whip.
The kobold hits you with an uncursed whip.
* * * LOW HITPOINT WARNING * * *
Blork the orc gestures at you while chanting.
The magic dart hits you!
* * * LOW HITPOINT WARNING * * *
The iguana misses you.
Drink which item? (? for menu, Esc to quit)
You feel agile all of a sudden.
The kobold hits you with an uncursed whip.
* * * LOW HITPOINT WARNING * * *
Blork the orc hits you with a dire flail!
You die...

. .###. ...K ### #... ..# #..#
#.# #K.# #o# #..## .# ##@#
#l..# .## ...#Kl# #W#.# ####..#
...8#W## #.#.###.## .....#
......#..#####l.......#
.#...##8.....8#..K##......###.#
..................'.......#
.....###..........##......#
....## #.......#####.......
#...# ##.....## ####.###


You could see a phantom, Blork the orc, an iguana and a kobold.

Vanquished Creatures
  A crimson imp (D:3)
  An orc priest (D:3)
  An iguana (D:3)
  Jessica (D:3)
  3 gnolls (D:2)
  7 adders
  A giant mite (D:3)
  2 worms (D:2)
  A giant gecko (D:2)
  An ooze (D:2)
  7 orcs
  2 ball pythons
  8 goblins
  9 hobgoblins
  11 jackals
  5 bats
  A giant cockroach (D:1)
  5 giant newts
  15 kobolds
  A kobold skeleton (D:4)
  4 rats
87 creatures vanquished.

Notes
Turn   | Place    | Note
--------------------------------------------------------------
     0 | D:1      | Psiweapon, the Draconian Transmuter, began the quest for the Orb.
     0 | D:1      | Reached XP level 1. HP: 16/16 MP: 3/3
     2 | D:1      | Noticed a naga
     2 | D:1      | Noticed a felid
     4 | D:1      | Noticed a troll
     4 | D:1      | Noticed a vampire
     6 | D:1      | Noticed a ghoul
     8 | D:1      | Noticed a minotaur
     8 | D:1      | Noticed a merfolk
    10 | D:1      | Noticed a formicid
    12 | D:1      | Noticed an elf
    14 | D:1      | Noticed a demigod
    14 | D:1      | Noticed a dwarf
    16 | D:1      | Noticed a centaur
    16 | D:1      | Noticed a draconian
    20 | D:1      | Noticed an ogre
    20 | D:1      | Noticed a gargoyle
    22 | D:1      | Noticed a demonspawn
    22 | D:1      | Noticed a human
    24 | D:1      | Noticed a spriggan
    24 | D:1      | Noticed a tengu
    26 | D:1      | Noticed a vine stalker
    26 | D:1      | Noticed an octopode
   199 | D:2      | Reached XP level 2. HP: 20/23 MP: 2/4
   722 | D:1      | Reached XP level 3. HP: 28/28 MP: 4/6
  1126 | D:2      | Reached skill level 4 in Unarmed Combat
  1348 | D:2      | Reached XP level 4. HP: 23/36 MP: 7/7
  2374 | D:3      | Noticed Jessica
  2474 | D:3      | Reached skill level 5 in Unarmed Combat
  2474 | D:3      | Reached XP level 5. HP: 15/42 MP: 9/9
  2859 | D:3      | Killed Jessica
  3388 | D:3      | Reached XP level 6. HP: 23/51 MP: 10/10
  3642 | D:3      | Found a burning altar of Makhleb.
  3642 | D:3      | Found a shimmering altar of Xom.
  3646 | D:3      | Paralysed by a crimson imp for 6 turns
  3673 | D:3      | Paralysed by a crimson imp for 5 turns
  3849 | D:4      | Noticed a phantom
  3872 | D:4      | Noticed Blork the orc
  3880 | D:4      | HP: 1/52 [kobold/uncursed whip (3)]
  3880 | D:4      | Mangled by Blork the orc

Action                   |  1- 3 |  4- 6 || total
-------------------------+-------+-------++-------
Melee: Unarmed           |   130 |   201 ||   331
 Cast: Beastly Appendage |    21 |    25 ||    46
  Use: Potion            |       |     2 ||     2
       Scroll            |       |     1 ||     1
 Stab: Sleeping          |     1 |       ||     1
  Eat: Chunk             |     1 |     9 ||    10
       Pizza             |       |     1 ||     1
